Map: Ascension to Aiur LE

Players

SpeCial - Winner!

  • Race: Terran Terran
  • League: Master
  • Spawn Location: 11:00

Scarlett

  • Race: Zerg Zerg
  • League: Master
  • Spawn Location: 5:00

VOD

Have the link to the VOD?

Description

Time

  • Played on: Dec. 24, 2017, 10:11 p.m.
  • Length: 8:17
Show
View Real Time Build Order
Export as new Build Order

SpeCial Terran - Winner!

Build Orders: Banshee Rush 

Get SALT Encoding   

  12  0:00  SCV  
  13  0:12  SCV  
  14  0:17  Supply Depot  
  14  0:25  SCV  
  15  0:41  SCV  
  15  0:42  Barracks  
  16  0:55  Barracks  
  17  0:57  SCV  
  17  1:05  Refinery  
  17  1:09  SCV  
  18  1:21  SCV  
  19  1:29  Marine  
  20  1:33  Orbital Command  
  20  1:42  Supply Depot, Bunker  
  20  1:44  Marine  
  21  1:48  Marine  
  22  1:57  Bunker  
  22  2:00  SCV  
  23  2:03  Marine  
  24  2:13  Factory  
  24  2:17  SCV  
  24  2:21  Marine  
  24  2:22  Marine  
  27  2:30  Refinery  
  27  2:31  SCV  
  28  2:43  SCV  
  29  2:45  Supply Depot  
  29  2:55  SCV  
  29  2:56  Starport, Factory Tech Lab  
  30  3:07  SCV  
  31  3:19  SCV  
  32  3:30  Command Center  
  32  3:31  SCV  
  33  3:42  Cyclone, Banshee  
  39  3:53  Cloaking Field  
  39  3:56  Supply Depot  
  39  4:04  SCV  
  36  4:18  Command Center, Barracks Tech Lab  
  36  4:20  SCV  
  37  4:26  Banshee  
  37  4:30  Factory Tech Lab  
  40  4:33  SCV  
  40  4:37  Marine  
  42  4:41  Stimpack  
  42  4:45  SCV  
  43  4:55  Marine  
  43  4:57  SCV  
  43  4:59  Siege Tank  
  48  5:03  Orbital Command  
  48  5:09  SCV  
  50  5:21  SCV  
  50  5:22  Starport Reactor  
  50  5:24  Barracks  
  50  5:26  Marine  
  50  5:27  Barracks  
  51  5:30  SCV  
  51  5:32  Orbital Command  
  51  5:33  SCV  
  53  5:41  Factory Reactor  
  53  5:42  Supply Depot, Liberator, SCV  
  54  5:44  Marine  
  54  5:45  SCV  
  56  5:53  Bunker  
  56  5:54  SCV  
  57  6:03  Siege Tank  
  63  6:05  Supply Depot, Marine  
  63  6:09  SCV x2  
  66  6:12  Supply Depot  
  66  6:13  Marine  
  66  6:16  Marine  
  66  6:17  Supply Depot  
  68  6:23  Marine  
  69  6:31  Marine  
  69  6:34  Marine  
  65  6:41  Marine  
  65  6:46  Siege Tank  
  54  6:49  Marine  
  54  6:52  Marine  
  51  6:59  Marine  
  51  7:00  SCV x2  
  47  7:04  SCV  
  47  7:06  Marine  
  46  7:10  Marine  
  46  7:12  SCV x2  
  45  7:16  SCV  
  45  7:17  Marine  
  47  7:24  SCV x2  
  47  7:28  SCV  
  51  7:31  Refinery  
  51  7:32  Refinery  
  51  7:34  Supply Depot, Marine, Starport Reactor  
  51  7:36  SCV x2  
  53  7:37  Barracks Reactor  
  53  7:40  Engineering Bay  
  53  7:41  Engineering Bay, SCV  
  53  7:43  Marine x2  
  56  7:48  SCV x2  
  58  7:53  SCV  
  58  7:54  Marine  
  60  8:00  SCV  
  60  8:01  SCV  
  62  8:05  SCV  
Show
View Real Time Build Order
Export as new Build Order

Scarlett Zerg 

Build Orders: Hatch First, Ravager All-In, Roach Nydus 

Get SALT Encoding   

  12  0:00  Drone  
  13  0:12  Overlord  
  13  0:17  Drone  
  14  0:30  Drone x2  
  14  0:34  Drone  
  17  0:51  Drone  
  17  0:55  Hatchery  
  17  0:58  Drone  
  18  1:06  Extractor  
  17  1:12  Spawning Pool  
  17  1:15  Drone  
  17  1:18  Drone  
  18  1:27  Drone  
  19  1:38  Overlord  
  19  1:52  Extractor  
  18  1:59  Queen  
  18  2:00  Spine Crawler  
  19  2:02  Roach Warren  
  19  2:03  Zergling x4  
  21  2:12  Spine Crawler  
  21  2:13  Drone  
  21  2:35  Queen  
  26  2:44  Roach x3  
  30  2:54  Overlord  
  30  3:09  Overlord  
  30  3:12  Queen  
  30  3:14  Ravager x3  
  30  3:19  Roach  
  37  3:33  Roach  
  39  3:51  Ravager  
  39  3:52  Drone  
  39  3:55  Hatchery, Ravager  
  41  3:58  Drone  
  42  4:03  Drone  
  42  4:09  Overlord  
  43  4:15  Drone  
  44  4:30  Drone x3  
  47  4:37  Lair  
  47  4:38  Drone  
  48  4:54  Overlord  
  48  4:55  Roach x2  
  52  5:05  Spore Crawler  
  52  5:06  Queen  
  53  5:11  Roach  
  55  5:18  Roach x2  
  59  5:24  Roach  
  61  5:34  Nydus Network  
  60  5:37  Overseer  
  60  5:40  Drone  
  61  5:46  Overseer  
  61  5:58  Roach x2  
  61  6:04  Overlord  
  65  6:05  Overlord  
  65  6:14  Nydus Canal  
  65  6:19  Queen  
  65  6:24  Roach  
  68  6:45  Roach x2  
  68  6:46  Roach  
  54  6:56  Queen x2  
  54  6:58  Drone  
  47  7:13  Drone x5  
  42  7:26  Drone x3  
  45  7:36  Queen  
  47  7:37  Drone x2  
  51  7:51  Drone x2  
Tags
 
Add a new tag
Caveats
  • Supply blocks, unpowered buildings, or Contaminate may cause inaccurate times.
  • Supply counts are checked every 10 seconds.